[Event "1st FIDE Olympiad DIS 2023"]
[Site "Belgrade"]
[Date "2023.02.01"]
[Round "3.30"]
[White "Osorio, Jesus Camilo"]
[Black "Nestorovic, Vladimir"]
[Result "0-1"]
[ECO "D02"]
[WhiteElo "1859"]
[BlackElo "2171"]
[Annotator "TA"]
[PlyCount "78"]
[EventDate "2023.01.30"]
[EventType "team-tourn"]
[EventCountry "SRB"]
[SourceTitle "playchess.com"]
[Source "ChessBase"]
[SourceQuality "1"]
[WhiteTeam "Panama"]
[BlackTeam "Croatia"]
[WhiteTeamCountry "PAN"]
[BlackTeamCountry "CRO"]
[TimeControl "40/5400+30:1800+30"]

1. d4 d5 2. Nf3 Nf6 3. Bf4 g6 4. e3 Bg7 5. Bd3 O-O 6. Nbd2 b6 7. c3 Bb7 {[%emt 0:00:07] D02: 1 d4 d5 2 Nf3 sidelines, including 2...Nf6 3 g3 and 2...Nf6 3 Bf4.} 8. Qc2 c5 9. O-O Nc6 {[%emt 0:00:17] The position is equal.} 10. Ne5 Rc8 11. Nxc6 Bxc6 12. Be5 Bb7 {[%emt 0:01:53] [#]} 13. Rac1 $146 ({Predecessor:} 13. Qa4 c4 14. Be2 a5 15. Qc2 b5 16. Bf3 Qb6 17. Rfc1 Bh6 18. Bf4 Bxf4 19. exf4 Ba8 20. f5 {1-0 Suchomel,A (1991)-Zezula,R (1925) CZE-ch U16 Kouty nad Desnou 2011 (8)}) 13... e6 14. h3 Nd7 15. Bxg7 Kxg7 16. f4 cxd4 17. exd4 Qc7 18. g3 Nf6 19. Rce1 a6 20. Nf3 b5 21. a3 Qb6 22. Ne5 Rfd8 {[%emt 0:00:25] [#]} (22... Rc7 $11) 23. f5 exf5 $11 {[%emt 0:03:16] [#]} 24. Bxf5 Rc7 25. Bd3 Ne4 26. Bxe4 dxe4 27. Qd2 $36 {[%emt 0:00:50][%mdl 2048] Strongly threatening Ng4. White is more active.} f5 {[%emt 0:02:11] [#] Wards off Ng4} (27... Qd6 $11 28. Qe3 f6) 28. g4 (28. Rxf5 $1 $18 {[%cal Oe1f1] is the precise move to win. Ref1! would be deadly.} Qd6 29. Rf2) 28... Qf6 (28... Qd6 $16 {was called for.} 29. Re2 (29. gxf5 $2 Qxe5 {[%mdl 64] Pin} 30. Qe3 Qd6 $19) 29... Bc8) 29. Qf4 $18 Re7 30. gxf5 Rf8 $2 (30... Qxf5 31. Qxf5 (31. Qh4 Qe6 $16) 31... gxf5) 31. Qg3 (31. Ng4 $142 Qh4 32. f6+ Rxf6 33. Qxf6+ Qxf6 34. Nxf6) 31... Rxe5 $2 (31... e3 32. h4 (32. Qxe3 gxf5 33. Kh2 Kh8 $18) 32... e2) 32. dxe5 Qb6+ 33. Kh2 Rd8 34. Qg5 {[%emt 0:00:59] fxg6 would kill now.} Rf8 35. fxg6 {[%emt 0:04:03] Threatening mate with Qe7+.} Rf2+ 36. Kg3 {[%emt 0:00:10] Intending Qe7+ and mate.} e3 37. Rxf2 (37. Qxe3 $2 {perishes.} Rg2+ 38. Kh4 Qd8+ 39. Rf6 hxg6 $19) 37... exf2 38. Qf6+ Kh6 39. gxh7+ $4 (39. Qxb6 $2 {loses.} fxe1=Q+ 40. Qf2 Qxe5+ 41. Qf4+ Qxf4+ 42. Kxf4 Kxg6 $19) (39. Qf4+ $18 Kh5 40. Qf5+ Kh6 41. Qxf2 Qxf2+ 42. Kxf2 Kxg6 43. Ke3) 39... Qxf6 $1 {[%emt 0:00:05] What a bad dream for White. An exciting game.   Weighted Error Value: White=0.72/Black=0.60} 0-1

[Event "1st FIDE Olympiad DIS 2023"]
[Site "Belgrade"]
[Date "2023.02.01"]
[Round "3.32"]
[White "Singares, Mario Oscar"]
[Black "Vuljanic, Ana"]
[Result "0-1"]
[ECO "B90"]
[WhiteElo "1425"]
[BlackElo "1613"]
[Annotator "NA RC COMBH"]
[PlyCount "50"]
[EventDate "2023.01.30"]
[EventType "team-tourn"]
[EventCountry "SRB"]
[SourceTitle "playchess.com"]
[Source "ChessBase"]
[SourceQuality "1"]
[WhiteTeam "Panama"]
[BlackTeam "Croatia"]
[WhiteTeamCountry "PAN"]
[BlackTeamCountry "CRO"]
[TimeControl "40/5400+30:1800+30"]

1. e4 c5 2. Nf3 Nf6 3. Nc3 d6 4. d4 cxd4 5. Nxd4 a6 6. Bf4 e5 7. Bg3 exd4 8. Nd5 Nxd5 9. exd5 Qa5+ 10. c3 dxc3 11. bxc3 Qxc3+ 12. Ke2 Bd7 13. Rc1 Bb5+ 14. Qd3 Qxd3+ 15. Ke1 Qxf1+ 16. Kd2 Qxc1+ 17. Kxc1 Nd7 18. f4 Rc8+ 19. Kb1 Nf6 20. Bh4 Kd7 21. Rd1 Be7 22. h3 Nxd5 23. Bf2 Nc3+ 24. Kc2 Ba4+ 25. Kd2 Nxd1 0-1

[Event "1st FIDE Olympiad DIS 2023"]
[Site "Belgrade"]
[Date "2023.02.02"]
[Round "4.1"]
[White "Severino, Sander"]
[Black "Tazbir, Marcin"]
[Result "1/2-1/2"]
[ECO "D27"]
[WhiteElo "2364"]
[BlackElo "2507"]
[Annotator "TA"]
[PlyCount "41"]
[EventDate "2023.01.30"]
[EventType "team-tourn"]
[EventCountry "SRB"]
[SourceTitle "playchess.com"]
[Source "ChessBase"]
[SourceQuality "1"]
[WhiteTeam "Philippines"]
[BlackTeam "Poland"]
[WhiteTeamCountry "PHI"]
[BlackTeamCountry "POL"]
[TimeControl "40/5400+30:1800+30"]

1. Nf3 d5 2. d4 Nf6 3. c4 dxc4 4. e3 e6 5. Bxc4 c5 6. O-O a6 7. dxc5 Bxc5 8. Qxd8+ Kxd8 9. a3 Ke7 10. b4 Bd6 11. Bb2 b5 12. Be2 Bb7 {[%emt 0:00:08] The position is equal.} 13. Nbd2 {[%emt 0:00:19] D27: Queen's Gambit Accepted: Classical main line: 7 e4!? and 7 a4.} Nbd7 14. Nb3 {[%emt 0:01:40] 14.Rac1 is not played anymore.} Rac8 {[%emt 0:10:43] [#] A rather calm draw.   Weighted Error Value: White=0.00 (flawless) /Black=0.00 (flawless)} {Predecessor:} 15. Rac1 $146 e5 16. Nfd2 Rxc1 17. Rxc1 Rc8 18. Rxc8 Bxc8 19. Na5 Nb8 20. Bf3 Bc7 21. Ndb3 {½-½ Akobian,V (2600)-Dominguez Perez,L (2756) American Cup Blitz 2022 (2)} 1/2-1/2

[Event "1st FIDE Olympiad DIS 2023"]
[Site "Belgrade"]
[Date "2023.02.02"]
[Round "4.1"]
[White "Ibraimov, Kubanychbek"]
[Black "Bozinovic, Bogdan"]
[Result "0-1"]
[ECO "B50"]
[WhiteElo "1316"]
[BlackElo "2131"]
[Annotator "TA"]
[PlyCount "94"]
[EventDate "2023.01.30"]
[EventType "team-tourn"]
[EventCountry "SRB"]
[SourceTitle "playchess.com"]
[Source "ChessBase"]
[SourceQuality "1"]
[WhiteTeam "Kyrgyzstan"]
[BlackTeam "Croatia"]
[WhiteTeamCountry "KGZ"]
[BlackTeamCountry "CRO"]
[TimeControl "40/5400+30:1800+30"]

1. e4 c5 2. Nf3 Nf6 3. Nc3 d6 4. Bc4 e6 5. d3 a6 6. a4 Be7 7. O-O Nc6 8. Re1 $1 Qc7 {[%emt 0:01:40] B50: Sicilian: 2...d6, Miscellaneous.} 9. Bg5 O-O 10. Bh4 b6 {[%emt 0:01:13] The position is equal.} 11. Bg3 {[%emt 0:00:40] [#]} Ne5 $146 ({Predecessor:} 11... Bb7 12. e5 dxe5 13. Bxe5 Nxe5 14. Nxe5 Bd6 15. f4 Nd5 16. Nxd5 exd5 17. Bb3 f6 {0-1 Sowka,F-Klementys,J (1884) Chorzow op 2008 (2)}) 12. Nd2 Bb7 13. f4 Nxc4 14. Nxc4 d5 15. exd5 exd5 16. Nxb6 {[%emt 0:08:20][%mdl 64] Deflection} Rae8 17. a5 Bd6 18. Rf1 (18. Qf3 $11) 18... d4 $17 {[%emt 0:04:14][%mdl 1024] Black has strong compensation.} 19. Nca4 {[%emt 0:00:54] [#]} g6 {[%emt 0:01:54] Black is more active.} (19... g5 $1 $17 {White must now prevent ...Kh8.} 20. Qd2 Nh5) 20. Nc4 $11 Nd5 21. Nab6 (21. Nxd6 $11 {remains equal.} Qxd6 22. Nb6) 21... Qc6 $2 (21... Nxf4 $17 {and life is bright.} 22. Nxd6 Ne2+ 23. Kf2 Qc6) 22. Nxd5 Qxd5 23. Qd2 Bc7 (23... f5 $14) 24. Rae1 ({White should try} 24. f5 $1 $16 Bxg3 25. hxg3) 24... f5 25. Ne5 $2 {[%emt 0:02:37] [#]} (25. h3 $11) 25... Bxa5 $1 $40 {[%emt 0:00:42][%mdl 704] Deflection. White is in trouble. This pair of bishops is nice.} 26. c3 {[%emt 0:01:14] [#]} (26. Qf2 Bxe1) 26... dxc3 $1 27. bxc3 {[%emt 0:00:32] [#] Now White is beyond hope.} (27. Qc2 $17) 27... Bxc3 $1 $19 28. Qc2 Bxe1 29. Rxe1 Rb8 30. Nf3 (30. h4 $142) 30... Rfe8 31. Rc1 Re3 32. Ne5 Re8 33. Qc4 Re2 34. Qxd5+ Bxd5 35. Nd7 R8e6 {[%emt 0:03:24] Against Nf6+} ({Stronger than} 35... Bxg2 36. Nf6+ Kf8 37. Nxe8 Kxe8 38. Rxc5 $17) (35... Rxg2+ $2 36. Kf1 Kg7 37. Rxc5 $19) 36. Rxc5 Rc6 (36... Bxg2 $2 {too greedy.} 37. Bf2 Re7 38. Rc8+ Kg7 39. Ne5 $19) (36... Rxg2+ $2 {perishes.} 37. Kf1 Bb7 38. Rc7) 37. d4 (37. Kf1 $142 Rxc5 38. Kxe2 Rc2+ 39. Ke3 Bxg2 40. Be1) 37... Rxc5 38. dxc5 {[%emt 0:00:08][%mdl 4096] Endgame KRB-KBN} Kf7 {[%emt 0:01:18] Prevents Nf6} 39. Bf2 Rc2 {[%emt 0:00:17] ...Rc1+ would be deadly.} 40. h4 a5 {[%emt 0:00:17] Strongly threatening ...a4.} 41. h5 gxh5 42. Bd4 Rxg2+ 43. Kf1 Rc2 {[%emt 0:00:19] ( -> ...h4)} 44. Ke1 h4 {[%emt 0:00:24] Black mates.} 45. Kd1 Be4 46. Nf6 Rc4 47. Ba1 h3 {[%emt 0:01:02] Weighted Error Value: White=0.75/Black=0.31} 0-1

[Event "1st FIDE Olympiad DIS 2023"]
[Site "Belgrade"]
[Date "2023.02.02"]
[Round "4.2"]
[White "Molenda, Marcin"]
[Black "Lopez, Henry"]
[Result "1-0"]
[ECO "D15"]
[WhiteElo "2381"]
[BlackElo "2102"]
[Annotator "TA"]
[PlyCount "106"]
[EventDate "2023.01.30"]
[EventType "team-tourn"]
[EventCountry "SRB"]
[SourceTitle "playchess.com"]
[Source "ChessBase"]
[SourceQuality "1"]
[WhiteTeam "Poland"]
[BlackTeam "Philippines"]
[WhiteTeamCountry "POL"]
[BlackTeamCountry "PHI"]
[TimeControl "40/5400+30:1800+30"]

1. d4 d5 2. c4 c6 3. Nc3 Nf6 4. e3 a6 5. Nf3 Bf5 6. Qb3 Ra7 {[%emt 0:00:24] D15: Slav Defence: 4 Nc3 a6 and gambit lines after 4 Nc3 dxc4.} 7. Nh4 Be4 8. f3 Bg6 {[%emt 0:00:36] White is slightly better.} 9. Bd2 e6 10. Nxg6 hxg6 11. c5 Nbd7 {[%emt 0:00:23] [#]} 12. Be2 $146 ({Predecessor:} 12. Na4 Be7 13. O-O-O Qb8 14. g3 e5 15. Be2 Nf8 16. Be1 exd4 17. exd4 Ne6 18. Kb1 {1-0 Murshed,N (2419)-Abu Sufian,S (2229) BAN-chT Premier 2022 (10.5)}) 12... e5 13. O-O-O ({Better is} 13. Na4 $16) 13... Be7 14. Kb1 Qc7 (14... exd4 $1 $14 15. exd4 Nf8) 15. g3 O-O 16. Na4 a5 17. Bc3 {[%emt 0:03:41] dxe5 would be deadly. White is more active.} e4 18. f4 (18. g4 $16) 18... Rb8 $1 $11 19. Rc1 b5 20. cxb6 Nxb6 21. Qc2 Nxa4 22. Qxa4 Qb6 23. Rc2 c5 24. dxc5 Bxc5 25. Be5 {[%emt 0:01:49] This pair of bishops is nice.} Rf8 26. Rxc5 Qxc5 27. Bd4 Qe7 28. Bxa7 Qxa7 29. Qd4 Qd7 (29... Qxd4 $11 30. exd4 Rb8) 30. h3 (30. Rc1 $14) 30... Rb8 31. a3 Rb3 ({Black should try} 31... Nh5 $11) 32. g4 (32. Ka2 $5 a4 33. Rc1 $11) 32... Qb7 $1 33. Ka2 a4 $1 34. Rd1 {[%emt 0:01:30][%cal Bh1d1,Bd1d2,Bd2c2,Bc2c5][%mdl 32] aiming for Rd2.} Nd7 35. Rd2 {[%emt 0:00:48] Hoping for Bd1.} (35. Ka1 {simplifies} Qc6 36. Qxd5 Qxd5 37. Rxd5 Rxe3 38. Bb5) 35... Nb6 $1 36. Rc2 Qd7 37. Rc5 Kh7 (37... Kh8 $11) 38. h4 (38. Kb1 $1 $16) 38... Kg8 (38... Qe6 {feels hotter.} 39. Rb5 Nc4 40. f5 gxf5 41. Bxc4 dxc4 42. gxf5 Qh6) 39. Qe5 (39. Rc1 $14 {is more appropriate.}) 39... Qe6 40. Qxe6 fxe6 41. Rc3 Rxc3 42. bxc3 {[%emt 0:00:00][%mdl 4096] Endgame KB-KN} e5 43. Kb2 Nc4+ $2 (43... Kf7 $11) 44. Bxc4 {[%emt 0:00:00][%mdl 64] Remove Defender. White mates.} dxc4 {[%emt 0:00:00] KP-KP} 45. Kc2 ({Inferior is} 45. fxe5 Kf7 $11) 45... Kf7 46. Kd2 ({Not} 46. fxe5 Ke6 $11) 46... Ke6 47. Ke2 Kf6 48. Kf2 Ke6 {[%emt 0:00:00] [#]} 49. Kg2 $1 Kf6 50. Kg3 Ke6 {[%emt 0:00:00] [#]} 51. h5 $1 Kf6 52. fxe5+ Kxe5 53. hxg6 Kd5 {[%emt 0:00:28] Weighted Error Value: White=0.11 (very precise) /Black=0.25 (precise)} 1-0

[Event "1st FIDE Olympiad DIS 2023"]
[Site "Belgrade"]
[Date "2023.02.02"]
[Round "4.2"]
[White "Glazar, Domagoj"]
[Black "Arstanbekov, Dzhanysh"]
[Result "1-0"]
[ECO "E71"]
[WhiteElo "2119"]
[BlackElo "1621"]
[Annotator "TA"]
[PlyCount "59"]
[EventDate "2023.01.30"]
[EventType "team-tourn"]
[EventCountry "SRB"]
[SourceTitle "playchess.com"]
[Source "ChessBase"]
[SourceQuality "1"]
[WhiteTeam "Croatia"]
[BlackTeam "Kyrgyzstan"]
[WhiteTeamCountry "CRO"]
[BlackTeamCountry "KGZ"]
[TimeControl "40/5400+30:1800+30"]

1. d4 Nf6 2. c4 g6 3. Nc3 Bg7 4. e4 d6 5. h3 O-O 6. Be3 c6 7. Qd2 {[%emt 0:00:56] E71: King's Indian: 4 e4 d6 5 h3.} Re8 {[%emt 0:00:49] [#]} 8. g4 $146 (8. Rd1 $14) ({Predecessor:} 8. f4 Nh5 9. Qf2 e5 10. fxe5 dxe5 11. d5 f5 12. exf5 gxf5 13. Be2 Nf6 14. O-O-O cxd5 15. Nxd5 {1-0 Sokolski,A (1868)-Zadrapa,R (2060) Vsetin op 2017 (2)}) 8... e5 $11 9. d5 {[%emt 0:00:58] The position is equal.} cxd5 (9... b5 $1 $11 {remains equal.}) 10. cxd5 $16 a6 11. a4 Qa5 12. f3 b5 13. Nge2 (13. axb5 $2 Qxa1+ 14. Qc1 axb5 15. Bxb5 Bd7 $19) (13. b4 $1 $18 Qd8 14. axb5) 13... Nbd7 {[%emt 0:02:49] [#]} (13... b4 $16 {was worth a try.}) 14. b4 $1 $18 Qxb4 {[%emt 0:05:13] [#]} 15. axb5 $1 Nc5 {[%emt 0:00:30] Wards off Ra4} 16. Nc1 (16. Qa2 $142 {Rb1 would be deadly.} Qb3 17. Bxc5 Qxa2 18. Rxa2 dxc5 19. Nc1) 16... Bb7 17. bxa6 Bc8 $2 (17... Bxa6 $16 18. Bxc5 Qxc5 19. Rxa6 (19. Bxa6 Bh6 $11) 19... Bh6 20. Qxh6 (20. g5 Bxg5 21. Qxg5 Qxc3+ 22. Kf2 Qb2+ 23. Ke1 Qc3+ 24. Kf2 Qb2+ 25. Ke1 Qc3+ 26. Kf2 $11) 20... Qxc3+ 21. Qd2 Qxf3 22. Rxa8 Rxa8) 18. Nb5 (18. Nd3 $142 Qb6 19. Nxc5 dxc5 20. Na4) 18... Qxd2+ 19. Kxd2 Nfxe4+ (19... Bxa6 $142 20. Nxd6 Bxf1) 20. fxe4 Nxe4+ 21. Ke1 ({And not} 21. Kd3 Ng3 22. Kd2 (22. Nxd6 Rd8 $15) 22... Bxa6 23. Rxa6 Rxa6 $15) 21... Ng3 $2 (21... Rxa6 22. Rxa6 {[%mdl 64] Remove Defender} Bxa6) 22. Nc7 Nxf1 23. Rxf1 Bd7 24. Nxa8 Rxa8 25. a7 {[%emt 0:00:25] Rb1 is the strong threat.} f5 26. Rb1 {[%emt 0:00:41] Intending Rb8+ and mate.} Bf8 27. Rb8 Rxa7 28. Bxa7 f4 29. Rf2 g5 30. Rc2 {[%emt 0:00:17] Weighted Error Value: White=0.34/Black=1.10} 1-0

[Event "1st FIDE Olympiad DIS 2023"]
[Site "Belgrade"]
[Date "2023.02.02"]
[Round "4.3"]
[White "Infiesto, James"]
[Black "Piekielny, Pawel"]
[Result "0-1"]
[ECO "C02"]
[WhiteElo "1930"]
[BlackElo "2230"]
[Annotator "TA"]
[PlyCount "138"]
[EventDate "2023.01.30"]
[EventType "team-tourn"]
[EventCountry "SRB"]
[SourceTitle "playchess.com"]
[Source "ChessBase"]
[SourceQuality "1"]
[WhiteTeam "Philippines"]
[BlackTeam "Poland"]
[WhiteTeamCountry "PHI"]
[BlackTeamCountry "POL"]
[TimeControl "40/5400+30:1800+30"]

1. e4 e6 2. d4 d5 3. e5 c5 4. c3 Nc6 5. Nf3 Bd7 6. Be2 Nge7 7. a3 c4 {[%emt 0:01:47] C02: French: Advance Variation.} 8. O-O Na5 9. Nbd2 Nc8 {[%emt 0:01:23] The position is equal.} 10. Qe1 Ba4 11. Bd1 Qd7 12. Rb1 {[%emt 0:07:55] [#]} Be7 $146 ({Predecessor:} 12... Nb6 13. h3 Bxd1 14. Qxd1 Qa4 15. Qe2 Be7 16. Ne1 h5 17. f4 g6 18. g3 O-O-O {0-1 Benedetti,J (2291)-Rodriguez Vila,A (2477) Neuquen Patagonia op 1st 2015 (4)}) 13. h4 Nb6 14. g3 h6 15. Kg2 O-O-O 16. Rh1 Kb8 17. Nf1 h5 18. Bf4 Ka8 19. N1d2 Rde8 20. Qe2 Bd8 21. Re1 f6 22. exf6 gxf6 23. Bxa4 Nxa4 24. Nf1 Nb6 25. Qc2 Nc8 26. Re2 Ne7 27. Rbe1 Nf5 (27... Nec6 $1 $11) 28. Ne3 (28. Rxe6 $1 $14 Nxh4+ 29. Nxh4 Rxe6 30. Qf5) 28... Ng7 $11 29. Nf1 Nc6 30. Qa4 (30. Kg1 $11) 30... Rhg8 (30... e5 $1 $17 31. dxe5 fxe5) 31. N1d2 (31. Qd1 $15) 31... Nf5 (31... e5 $1 $17 32. dxe5 fxe5) 32. Qc2 {[%emt 0:02:47] [#]} (32. Kh2 $1 $15) 32... Re7 ({Better is} 32... e5 $1 $17 {...Ref8 is the strong threat.} 33. dxe5 fxe5 34. Bxe5 (34. Nxe5 $2 Nxh4+ 35. Kh2 Nxe5 $19) 34... Nxh4+ 35. Nxh4 Bxh4) 33. Nf1 {[%emt 0:01:03] [#]} (33. Kh2 $1 $15) 33... Nd6 (33... e5 $1 $17 34. dxe5 fxe5 35. Bxe5 Rf7) 34. Bxd6 Qxd6 35. Qd2 Rg6 {[%emt 0:02:49] Prevents Qh6} 36. Qc2 Rg4 37. Qd2 {[%emt 0:00:53] Hoping for Qh6.} Rg6 {[%emt 0:04:34] Wards off Qh6} 38. Qc2 Rg8 39. Qd2 Qd7 40. Qh6 Rh7 {[%emt 0:03:26] Inhibits Qxf6.} 41. Qd2 Re8 42. Qc2 {[%emt 0:02:54][%cal Oe2e6] Threatens to win with Rxe6!} Rg7 43. Qd2 Qf7 44. N1h2 Bc7 45. Kh1 a6 46. Ng1 {[%emt 0:00:00] Black converts the advantage convincingly.} e5 {[%emt 0:00:00] Black is more active.} 47. dxe5 fxe5 48. Nh3 Rd8 49. Ng5 Qf6 50. Re3 (50. f4 $17 {might work better.}) 50... e4 $19 51. f4 Bb6 52. R3e2 Ne7 53. Nf1 Nf5 {[%emt 0:00:00] Wards off Ne3} 54. Rg2 Re7 55. Qd1 Qg6 56. b3 $2 (56. a4 {was worth a try.}) 56... d4 57. cxd4 Nxd4 (57... Rxd4 $2 {loses.} 58. Qc2 $19) 58. Qb1 c3 {[%emt 0:01:09] And now ...Qc6 would win.} (58... cxb3 $2 {too greedy.} 59. Ne3 $19) 59. Ne3 Qc6 {[%emt 0:01:59] ...Nf3 would be deadly.} 60. Rc1 Nf3 61. Nc4 Nxg5 62. fxg5 e3 {[%emt 0:02:44] Strongly threatening ...Bc7.} 63. Kh2 Bd4 (63... Bc7 $142 {White must now prevent ...e2.} 64. Qc2 b5 {[%mdl 64] Trapped Piece} 65. Qxc3 bxc4 66. Qxc4 Qxc4 67. bxc4 Re4) 64. Rcc2 Qe4 65. Qc1 (65. Qf1 $142 b5 66. Nxe3) 65... b5 66. Na5 Be5 {[%emt 0:00:04] ( -> ...Red7). White is weak on the dark squares} 67. Rce2 Qxh4+ {[%emt 0:00:49] Black mates.} 68. Kg1 Bxg3 69. Qf1 {[%emt 0:02:59] [#]} Rf7 $3 {[%emt 0:01:27][%mdl 576] Deflection. Artfully played by Piekielny.   Weighted Error Value: White=0.29 (precise) /Black=0.17 (very precise)} 0-1

[Event "1st FIDE Olympiad DIS 2023"]
[Site "Belgrade"]
[Date "2023.02.02"]
[Round "4.3"]
[White "Rakhatbekov, Tilegen"]
[Black "Cajzler, Hinko"]
[Result "1/2-1/2"]
[ECO "A80"]
[WhiteElo "1489"]
[BlackElo "2060"]
[Annotator "TA"]
[PlyCount "63"]
[EventDate "2023.01.30"]
[EventType "team-tourn"]
[EventCountry "SRB"]
[SourceTitle "playchess.com"]
[Source "ChessBase"]
[SourceQuality "1"]
[WhiteTeam "Kyrgyzstan"]
[BlackTeam "Croatia"]
[WhiteTeamCountry "KGZ"]
[BlackTeamCountry "CRO"]
[TimeControl "40/5400+30:1800+30"]

1. d4 f5 2. Nf3 Nf6 3. Bf4 d6 4. e3 g6 5. Bc4 e6 6. Nbd2 {[%emt 0:01:09] A80: Dutch Defence: Unusual White second moves.} Bg7 7. O-O d5 (7... O-O $14) 8. Bd3 {[%emt 0:00:39] White is better.} O-O 9. c4 {[%emt 0:00:28] [#]} c6 $146 ({Predecessor:} 9... Bd7 10. Rc1 Nc6 11. a3 a6 12. b4 h6 13. b5 Ne7 14. a4 g5 15. Be5 Ng6 16. Bxf6 Bxf6 17. cxd5 exd5 {1-0 Nixon,A-Coulter,R IECG C2.1997.0.00064}) 10. Ne5 Nbd7 11. Ndf3 {[%emt 0:00:13] White has more active pieces. The black rooks are badly placed.} Nh5 12. Nxd7 Bxd7 13. Bd6 Re8 14. Be2 Nf6 15. Be5 Qe7 16. c5 Ne4 17. Bxg7 Qxg7 18. Ne5 {[%emt 0:00:11] [#]} (18. Bd3 $16) 18... Nxc5 $1 $11 {[%emt 0:00:52][%cal Od7c8][%mdl 64] Deflection} 19. Nxg6 (19. b4 Ne4) 19... hxg6 20. dxc5 e5 21. b4 Qh6 22. b5 Re7 23. f4 exf4 ({Resist} 23... cxb5 24. Qxd5+ Be6 25. Qxe5 $16) 24. exf4 Rae8 25. Bf3 Kg7 (25... Qxf4 $2 26. Bxd5+ cxd5 27. Rxf4 $18) 26. Qd2 Qh4 27. g3 (27. a4 {keeps more tension.} Re3 28. a5 a6 29. bxc6 bxc6 30. Qb4) 27... Qf6 28. Rae1 Rxe1 (28... cxb5 $15 29. Rxe7+ (29. Bxd5 $2 {is the wrong capture.} Rxe1 {[%mdl 64] Deflection} 30. Rxe1 Rxe1+ 31. Qxe1 Qd4+ 32. Kf1 Qxd5 $19) 29... Rxe7) 29. Rxe1 {[%emt 0:00:04] The position is equal.} Rxe1+ 30. Qxe1 cxb5 31. Qd2 $1 ({Don't play} 31. Qd1 Qc3 32. Bxd5 Qxc5+ 33. Kf1 b4 $17) 31... Bc6 {[%emt 0:04:26] [#] Strongly threatening ...d4.} 32. Bxd5 {[%emt 0:00:50] Weighted Error Value: White=0.14 (very precise) /Black=0.12 (very precise)} 1/2-1/2

[Event "1st FIDE Olympiad DIS 2023"]
[Site "Belgrade"]
[Date "2023.02.02"]
[Round "4.4"]
[White "Dukaczewski, Piotr"]
[Black "Bernardo, Darry"]
[Result "0-1"]
[ECO "B10"]
[WhiteElo "2131"]
[BlackElo "2070"]
[Annotator "TA"]
[PlyCount "102"]
[EventDate "2023.01.30"]
[EventType "team-tourn"]
[EventCountry "SRB"]
[SourceTitle "playchess.com"]
[Source "ChessBase"]
[SourceQuality "1"]
[WhiteTeam "Poland"]
[BlackTeam "Philippines"]
[WhiteTeamCountry "POL"]
[BlackTeamCountry "PHI"]
[TimeControl "40/5400+30:1800+30"]

1. e4 c6 2. Nf3 d5 3. d3 dxe4 4. dxe4 Qxd1+ 5. Kxd1 Bg4 6. Be2 {[%emt 0:00:16] B10: Caro-Kann: 2 d3 and 2 c4.} Nd7 7. Ne1 Bxe2+ 8. Kxe2 {[%emt 0:00:10] White has an edge.} Ngf6 9. f3 e5 10. Nd3 O-O-O 11. Be3 Bd6 12. a4 Kb8 13. Nd2 Rhe8 14. b4 Bc7 15. a5 Nf8 16. Nc4 (16. Rhb1 $16) 16... N6d7 $14 17. Rhb1 a6 18. c3 Ne6 {[%emt 0:00:47] [#]} 19. g3 $146 {[%emt 0:02:27] Repels Nf4+} ({Predecessor:} 19. Rd1 f6 20. Rd2 Nf4+ 21. Nxf4 exf4 22. Bd4 Ne5 23. Nxe5 Bxe5 24. Rad1 Bxd4 25. Rxd4 Rxd4 26. Rxd4 {½-½ Shahinyan,D (2469)-Kohler,A (2121) Titled Tuesday intern op 26th Oct blitz 2021 (6)}) 19... g6 20. Rf1 f5 21. Rad1 Nf6 22. exf5 (22. Ncxe5 fxe4 23. fxe4 Nxe4 $17) 22... gxf5 23. Ndxe5 ({But not} 23. Ncxe5 $6 f4 24. Bb6 (24. Bxf4 Nxf4+ 25. gxf4 Nd5 $11) (24. gxf4 Nd5 $11) 24... fxg3 25. hxg3 Nd5 26. Bxc7+ Nexc7 $11) 23... Nd5 24. Rd3 f4 25. Bb6 Bxe5 $1 26. Nxe5 Nec7 {[%emt 0:00:55] A dynamic duo of knights.} 27. Bd4 Nb5 28. Kf2 Nxd4 29. cxd4 (29. Rxd4 $142 Rxe5 30. c4) 29... Nxb4 $11 30. Rdd1 Nc2 (30... Rd5 $5) 31. gxf4 Nxd4 32. Rb1 Kc7 (32... Rd5 $5 ) 33. Rb2 Rd5 34. Rfb1 Nb5 35. Rg1 Re7 $1 {[%emt 0:00:15] Against Rg7} 36. Rg5 Rd4 37. Kg3 Nc3 (37... Nd6 $5 ) 38. h4 (38. Rc2 $11 Nd5 39. Rc4 Nxf4 40. Rxd4 Ne2+ 41. Kg4 Nxd4 42. f4) 38... Nd5 $17 39. Ng4 Nxf4 40. Nf6 Ne2+ 41. Kf2 (41. Kg2 $17) 41... Rxh4 $1 $19 42. Ng4 (42. Kg2 {was worth a try.}) 42... Nd4 43. Kg2 h5 44. Ne5 Ne6 {[%emt 0:00:00] Black is clearly winning.} 45. Rg8 Ra4 {[%emt 0:00:00] [#] ...Nf4+ would be deadly.} 46. Ng6 Rf7 47. Re2 Nd4 48. Re4 (48. Ne5 $142) 48... Ra2+ ({And not} 48... Rxf3 49. Re7+ (49. Rxd4 $2 Rxd4 50. Kxf3 Rg4 $17) 49... Kd6 50. Rd8+ Kc5 51. Re5+ Kc4 52. Rxd4+ {[%mdl 64] Remove Defender} Kxd4 53. Kxf3 Ra3+ 54. Kf4 $11) 49. Kg3 Rxf3+ 50. Kh4 Nf5+ 51. Kxh5 Rg2 {[%emt 0:00:00] Weighted Error Value: White=0.26 (precise) /Black=0.06 (flawless)} 0-1

[Event "1st FIDE Olympiad DIS 2023"]
[Site "Belgrade"]
[Date "2023.02.02"]
[Round "4.4"]
[White "Vuljanic, Ana"]
[Black "Bolotov, Toktobek"]
[Result "1-0"]
[ECO "A69"]
[WhiteElo "1613"]
[BlackElo "1437"]
[Annotator "NA RC COMBH"]
[PlyCount "57"]
[EventDate "2023.01.30"]
[EventType "team-tourn"]
[EventCountry "SRB"]
[SourceTitle "playchess.com"]
[Source "ChessBase"]
[SourceQuality "1"]
[WhiteTeam "Croatia"]
[BlackTeam "Kyrgyzstan"]
[WhiteTeamCountry "CRO"]
[BlackTeamCountry "KGZ"]
[TimeControl "40/5400+30:1800+30"]

1. d4 Nf6 2. c4 g6 3. Nc3 Bg7 4. e4 d6 5. f4 O-O 6. Nf3 c5 7. d5 e6 8. Be2 exd5 9. cxd5 Re8 10. e5 dxe5 11. fxe5 Ng4 12. e6 fxe6 13. Bg5 Bxc3+ 14. bxc3 Qxd5 15. Qa4 Nf6 16. Bxf6 Bd7 17. Qh4 h5 18. O-O Bc6 19. Rad1 Qe4 20. Qxe4 Bxe4 21. Ng5 Bd5 22. Bf3 Bxf3 23. Rxf3 b5 24. Rd6 a5 25. Be5 Ra7 26. Rf6 Rg7 27. Rfxe6 Rxe6 28. Rxe6 Kf8 29. Bd6+ 1-0